 Dungeon Crawl Stone Soup version 0.30-a0-996-ga6910c8ee8 (webtiles) character file.

Game seed: 12580407842595491920

289 cheesebisquit the Trooper (level 6, 0/53 HPs)
             Began as a Draconian Fire Elementalist on Apr 4, 2023.
             Was an Initiate of Vehumet.
             Slain by Pikel
             ... wielding a +2 whip of freezing
              (1 damage)
             ... on level 5 of the Dungeon.
             The game lasted 00:12:20 (4550 turns).

cheesebisquit the Trooper (DrFE)                    Turns: 4550, Time: 00:12:21

Health: 0/53       AC:  7    Str: 10    XL:     6   Next: 9%
Magic:  18/21      EV: 12    Int: 18    God:    Vehumet [......]
Gold:   224        SH:  0    Dex: 11    Spells: 12/13 levels left

rFire   . . .      SeeInvis .    v - +1 mace (drain)
rCold   . . .      Faith    .    (no shield)
rNeg    . . .      Spirit   .    (body armour unavailable)
rPois   .          Reflect  .    (helmet restricted)
rElec   .          Rampage  .    (no cloak)
rCorr   .                        (no gloves)
Will    .....                    k - +0 pair of boots
Stlth   ++                       x - amulet of regeneration
HPRegen 1.08/turn                c - ring of wizardry
MPRegen 0.17/turn                p - ring of magical power

@: slowed, very slow
A: AC +6, unfitting armour, cold-blooded
a: Renounce Religion


You were on level 5 of the Dungeon.
You worshipped Vehumet.
Vehumet was noncommittal.
You visited 2 branches of the dungeon, and saw 6 of its levels.

You collected 224 gold pieces.

Inventory:

Hand Weapons
 v - a +1 mace of draining (weapon)
Missiles
 A - a throwing net
Armour
 k - a +0 pair of boots (worn)
Jewellery
 c - a ring of wizardry (left hand)
 d - an amulet of the acrobat
 p - a ring of magical power (right hand)
 x - an amulet of regeneration (around neck)
 y - a ring of positive energy
Scrolls
 f - a scroll of butterflies {unknown}
 h - a scroll of enchant weapon {unknown}
 n - 2 scrolls of noise
 o - 2 scrolls of silence {unknown}
 q - a scroll of brand weapon {unknown}
 t - a scroll of poison
 u - a scroll of vulnerability {unknown}
 z - a scroll of fog {unknown}
Potions
 a - 2 potions of magic
 b - 2 potions of attraction
 e - a potion of brilliance {unknown}
 i - 5 potions of lignification
 l - 2 potions of resistance
 m - a potion of mutation {unknown}
 s - a potion of invisibility {unknown}
 w - a potion of heal wounds {unknown}


   Skills:
 + Level 4.5 Fighting
 - Level 1.7 Dodging
 - Level 1.7 Stealth
 + Level 4.4 Spellcasting
 - Level 1.0 Conjurations
 - Level 3.0 Fire Magic


You had 12 spell levels left.
You knew the following spells:

 Your Spells              Type           Power      Damage    Failure   Level
a - Foxfire               Conj/Fire      44%        2x1d6     2%          1

Your spell library contained the following spells:

 Spells                   Type           Power      Damage    Failure   Level
 Scorch                   Fire           28%        2d6       2%          2
 Apportation              Tloc           6%         N/A       6%          1
 Beastly Appendage        Tmut           6%         N/A       6%          1
 Freeze                   Ice            12%        1d3       6%          1
 Necrotise                Necr           12%        1d4       6%          1
 Sandblast                Erth           6%         2d5       6%          1
 Summon Small Mammal      Summ           12%        N/A       6%          1
 Inner Flame              Hex/Fire       9%         N/A       9%          3
 Kindle Blastsparks       Fire/Tloc/Air  14%        2d11      12%         3
 Flame Wave               Conj/Fire      11%        2d6       24%         4
 Iskenderun's Battlesphe  Conj           7%         2d6       67%         5
 Iron Shot                Conj/Erth      2%         9d2       99%         6
 Spellforged Servitor     Conj/Summ      2%         N/A       100%        7


Dungeon Overview and Level Annotations

Branches:
Dungeon (5/15)             Temple (1/1) D:4

Altars:
Ashenzari
Dithmenos
Elyvilon
Gozag
Hepliaklqana
Makhleb
Nemelex Xobeh
Qazlal
Ru
Sif Muna
Trog
Uskayaw
Vehumet
Wu Jian
Xom
Yredelemnul
Zin
The Shining One

Annotations:
D:3 1 runed translucent door, Crazy Yiuf
D:5 Pikel


Innate Abilities, Weirdness & Mutations

Your plain brown scales are hard. (AC +6)
You cannot fit into any form of body armour.
You are cold-blooded and may be slowed by cold attacks.


Message History

You conjure some foxfire!
Pikel hits you with a +2 whip of freezing.
You feel as though you will be slow longer.
Pikel freezes you.
You closely miss Pikel.
Pikel is severely wounded.
The foxfire hits Pikel but does no damage.
Pikel is severely wounded.
The foxfire hits Pikel but does no damage.
Pikel is severely wounded.
Pikel misses you.
Pikel cracks his whip.
Pikel barely misses you.
Casting: Foxfire (safe; 2% risk of failure)
Press: ? - help, Q - select action, (/) - cycle Dir - look around, f - activate You conjure some foxfire!
You feel yourself speed up.
Pikel hits you with a +2 whip of freezing.
You feel yourself slow down. Pikel freezes you. Pikel closely misses you.
You barely miss Pikel.
Pikel is severely wounded.
You feel yourself speed up.
The foxfire hits Pikel but does no damage.
Pikel is severely wounded.
The foxfire hits Pikel.
Pikel is severely wounded.
Pikel hits you with a +2 whip of freezing.
You feel yourself slow down. Pikel freezes you.
Pikel says, "Hell isn't that bad."
Pikel hits you with a +2 whip of freezing!
* * * LOW HITPOINT WARNING * * *
You feel as though you will be slow longer.
Pikel freezes you.
* * * LOW HITPOINT WARNING * * *
Okay, then.
Pikel hits you with a +2 whip of freezing.
* * * LOW HITPOINT WARNING * * *
You feel as though you will be slow longer.
Pikel freezes you.
You die...

#.# #...# #..# ###.#
#5#.# ##.^# ###...#
#.#)# .##..# #...###
#v#.# .##..# #....#
#5#.#.. #..# #....#
#.#.#. #..# ##....#
#.#5. .#..#
......#######.#K##.##..#
............#.#.@..##..#
.#....#####.#.#.#####..#
.#....# #.#..........#
##....# #.###5...###.#
####### #.#...##.###.##
#.#.#.........# #####
#.#.####.###### ....#
#.#......# ....#
#.########


You could see Pikel and 2 lemures.

Vanquished Creatures
  Menkaure (D:5)
  A jelly (D:4)
  6 adders
  A white imp (D:4)
  A worm (D:3)
  2 dart slugs
  8 orcs
  7 ball pythons
  3 bats (D:2)
  5 endoplasms
  2 giant cockroaches (D:2)
  4 goblins
  A hobgoblin (D:1)
  2 quokkas (D:4)
  7 frilled lizards
  10 kobolds
  5 rats
66 creatures vanquished.

Vanquished Creatures (collateral kills)
  2 foxfires (D:1)
2 creatures vanquished.

Vanquished Creatures (others)
  197 foxfires
  14 plants (D:1)
211 creatures vanquished.

Grand Total: 279 creatures vanquished

Notes
Turn   | Place    | Note
-------+----------+-------------------------------------------
     0 | D:1      | cheesebisquit the Draconian Fire Elementalist began the
                  | quest for the Orb.
     0 | D:1      | Reached XP level 1. HP: 14/14 MP: 3/3
   316 | D:1      | Reached skill level 1 in Fighting
   499 | D:1      | Reached XP level 2. HP: 18/23 MP: 1/5
  1080 | D:2      | Reached XP level 3. HP: 29/29 MP: 2/7
  1607 | D:3      | Found a hazy altar of Hepliaklqana.
  1684 | D:3      | Got Ytacex's Tutorial on Cryptic Knowledge
  1946 | D:3      | Found a runed translucent door.
  1947 | D:3      | Noticed Crazy Yiuf
  2185 | D:3      | Reached XP level 4. HP: 37/37 MP: 8/8
  2984 | D:4      | Reached XP level 5. HP: 41/45 MP: 10/10
  3120 | D:4      | Found a staircase to the Ecumenical Temple.
  3222 | Temple   | Entered the Ecumenical Temple
  3361 | Temple   | Became a worshipper of Vehumet
  3423 | D:5      | Entered Level 5 of the Dungeon
  3460 | D:5      | Noticed Pikel
  3460 | D:5      | Noticed a lemure
  3460 | D:5      | Noticed a lemure
  3460 | D:5      | Noticed a lemure
  4000 | D:5      | Noticed Menkaure
  4013 | D:5      | Killed Menkaure
  4014 | D:5      | Reached XP level 6. HP: 19/53 MP: 12/12
  4230 | D:5      | Found an ornate altar of the Wu Jian Council.
  4289 | D:5      | Identified the +3 scale mail of Valiance {Int+3}
  4550 | D:5      | HP: 1/53 [Pikel/+2 whip of freezing (5)]
  4550 | D:5      | Slain by Pikel

Illustrated notes

Levels and vault maps discovered:
D:1:      dpeg_arrival_rhombus, layout_loops_ring, lexackson_kobold_supper
D:2:      layout_rooms, minmay_misc_feat_x
D:3:      layout_basic, mainiacjoe_overflow_chevrons, uniq_crazy_yiuf_cottage
D:4:      layout_rooms, temple_statues, corner_web_ring
D:5:      layout_basic, mainiacjoe_overflow_brackets, uniq_pikel, uniq_menkaure
Temple:   nicolae_temple_elliptical

Skill      XL: |  1  2  3  4  5 |
---------------+----------------+-----
Fighting       | 1 2 3 4 |  4.5
Spellcasting   | 3 4 |  4.4
Dodging        | |  1.7
Stealth        | |  1.7
Conjurations   | |  1.0
Fire Magic     | |  3.0

Action                     |  1- 3 |  4- 6 || total
---------------------------+-------+-------++-------
  Melee: Unarmed           |     1 |       ||     1
         Mace              |     1 |    29 ||    30
         Tailslap          |       |     3 ||     3
         Punch             |       |     1 ||     1
   Fire: Sling             |    29 |       ||    29
   Cast: Foxfire           |    57 |    61 ||   118
    Use: Scroll            |     1 |     9 ||    10
 Armour: Skin              |    14 |    15 ||    29
  Dodge: Dodged            |    16 |    41 ||    57

Table legend: (Time is in decaauts)
 A = Elapsed time spent in this place.
 B = Non-inter-level travel time spent in this place.
 C = Inter-level travel time spent in this place.
 D = Time resting spent in this place.
 E = Time spent auto-exploring this place.
 F = Levels seen in this place.
 G = Mean time per level.
                   A        B        C        D        E       F      G
               +--------+--------+--------+--------+--------+-----+--------+
         Total |   4579 |   4195 |    384 |    129 |   3493 |   6 |  763.2 |
       Dungeon |   4410 |   4059 |    351 |    129 |   3374 |   5 |  882.0 |
        Temple |    168 |    135 |     33 |      0 |    119 |   1 |  168.0 |
               +--------+--------+--------+--------+--------+-----+--------+

Top non-repeatable levels by time:
     D:3: 1157 daAuts
     D:5: 1022 daAuts
     D:1: 895 daAuts
     D:4: 706 daAuts
     D:2: 628 daAuts
  Temple: 168 daAuts
